 Dungeon Crawl Stone Soup version 0.26.1-2-gb8aa6d0cf2 (webtiles) character file.

Game seed: 7247146257102458440

3033 windgrace the Fighter (level 9, -2/75 HPs)
             Began as a Demonspawn Chaos Knight on Feb 11, 2021.
             Was a Plaything of Xom.
             Slain by a scorpion (4 damage)
             ... on level 8 of the Dungeon.
             The game lasted 00:35:39 (8560 turns).

windgrace the Fighter (Demonspawn Chaos Knight)     Turns: 8560, Time: 00:35:41

Health: -2/75      AC:  5    Str: 12 (14) XL:     9   Next: 56%
Magic:  0/9        EV: 15    Int: 10 (13) God:    Xom [....*.]
Gold:   137        SH:  0    Dex: 12 (15) Spells: 8/8 levels left

rFire    . . .     SeeInvis +   x - +1 long sword (vorpal)
rCold    + + .     Faith    .   (no shield)
rNeg     . . .     Spirit   +   k - +2 robe {Will+}
rPois    .         Reflect  .   (helmet restricted)
rElec    .         Harm     .   M - scarf {+Inv}
rCorr    .         Rampage  .   D - +0 pair of gloves
Will     +....                  (no boots)
Stlth    +.........             m - amulet of guardian spirit
HPRegen  0.22/turn              B - ring of protection from cold
MPRegen  0.11/turn              N - ring of see invisible

@: confused, lethally poisoned (-2 -> -10)
A: beak, horns 1, large bone plates 2, cold resistance 1, powered by death 1
a: Renounce Religion, Evoke Invisibility


You were on level 8 of the Dungeon.
You worshipped Xom.
You were a beloved toy of Xom.
You visited 1 branch of the dungeon, and saw 8 of its levels.
You also visited: Ossuary.

You collected 334 gold pieces.
You spent 197 gold pieces at shops.

Inventory:

Hand Weapons
 a - a +0 falchion of chaos
 j - a +1 hand axe of electrocution
 v - a +1 dagger of holy wrath
 x - a +1 vorpal long sword (weapon)
 J - a +3 short sword
 O - a +0 rapier of venom
Missiles
 e - a poisoned dart
Armour
 b - a +2 leather armour
 g - a +0 ring mail
 i - a +2 leather armour of poison resistance
 k - a +2 robe of willpower (worn)
 D - a +0 pair of gloves (worn)
 M - a scarf of invisibility (worn)
Magical Staves
 P - an uncursed staff of conjuration
Jewellery
 m - an amulet of guardian spirit (around neck)
 B - a ring of protection from cold (left hand)
 H - an uncursed ring of protection from cold
 L - an uncursed ring of wizardry
 N - a ring of see invisible (right hand)
Wands
 q - a wand of iceblast (7) (quivered)
 r - a wand of disintegration (12)
 G - a wand of digging (5)
Scrolls
 c - 5 scrolls of fear
 h - 7 scrolls of identify
 l - 2 scrolls of blinking {unknown}
 p - 2 scrolls of teleportation {unknown}
 s - a scroll of random uselessness {unknown}
 y - 6 scrolls of remove curse
 z - 3 scrolls of amnesia {unknown}
 A - 4 scrolls of magic mapping {unknown}
 E - 4 scrolls of fog
 F - 4 scrolls of enchant weapon
 K - a scroll of immolation {unknown}
Potions
 d - 3 potions of brilliance {unknown}
 f - 3 potions of degeneration
 n - a potion of lignification {unknown}
 o - 5 potions of haste
 t - 6 potions of heal wounds {unknown}
 u - 2 potions of ambrosia
 w - a potion of might {unknown}
 C - a potion of mutation {unknown}
 I - 2 potions of berserk rage {unknown}
 Q - 2 potions of magic {unknown}


   Skills:
 + Level 8.6 Fighting
 + Level 7.2 Long Blades
 - Level 3.4 Axes
 - Level 2.0 Armour
 + Level 6.0 Dodging


You had 8 spell levels left.
You didn't know any spells.
Your spell library was empty.

Dungeon Overview and Level Annotations

Branches:
Dungeon (8/15)             Temple (0/1) D:4         Ossuary (visited)
   Lair: D:8-11

Altars:
Cheibriados
Hepliaklqana
Makhleb
Nemelex Xobeh
Okawaru
Qazlal
Wu Jian
Xom
Yredelemnul

Shops:
D:6 [?(   D:7 =


Innate Abilities, Weirdness & Mutations

You have a pair of small horns on your head.
You are mostly covered in large bone plates. (SH +6)
Your flesh is cold resistant. (rC+)
You regenerate a little health from kills.
You have a beak for a mouth.


Message History

* * * LOW HITPOINT WARNING * * *
You see here an arrow.
It was a potion of degeneration.
There was something very wrong with that liquid.
You feel weakened.
You feel dopey.
You feel clumsy.
Xom is highly amused!
You feel sick. The ogre closely misses you.
You riposte.
You closely miss the ogre. Your peck misses the ogre.
The ogre is severely wounded.
The scorpion stings you.
* * * LOW HITPOINT WARNING * * *
You are more poisoned.
The scorpion poisons you!
It was a potion of ambrosia.
You are confused.
You feel invigorated.
You feel sick. The ogre hits you with a +0 giant club!
* * * LOW HITPOINT WARNING * * *
The scorpion stings you.
You die...
Xom snickers!

.#....# #.....##..#........#
.#....# #.....'...#........#
.#'########....##..#........#
##.####..##....##..#........#
...............#####§.......#
..............<#..§§§.......#
...............#..☼°#'##....
...............#Fs..#..# .
...#############@O..((.# ...#
8 #8## #.c..#..'.... ...##8..
...8##....#..#.... ...##....
....##....#(.#F...# ##.#_....
....>#....#?.# ...# .####....
.?..##....+..# ...# ...##8...
..8##....##+# ..# ...# ##8#
8## #....#..# .########
######....#..#


You could see an ogre, a bullfrog, a centaur and a scorpion.

Vanquished Creatures
  An unseen horror (D:8)
  Grinder (D:6)
  A dream sheep (D:7)
  A wyvern (D:8)
  2 sky beasts (D:6)
  A hornet zombie (D:8)
  A phantom (D:6)
  2 necrophages (D:6)
  2 ogres
  A big kobold (D:8)
  3 bullfrogs
  3 scorpions
  2 wyvern skeletons
  A howler monkey (D:7)
  3 hounds
  3 bullfrog skeletons
  An orc wizard (D:3)
  2 iguanas (D:6)
  A centaur skeleton (D:4)
  12 worker ants
  2 big kobold zombies (Ossuary)
  A hound zombie (Ossuary)
  A hound skeleton (D:5)
  4 mummies (Ossuary)
  A howler monkey zombie (D:8)
  A worker ant zombie (D:5)
  A howler monkey skeleton (D:5)
  5 adders
  A white imp (D:6)
  An ufetubus (D:5)
  2 adder skeletons
  3 adder zombies
  2 worms (D:2)
  3 dart slugs
  5 leopard geckos
  10 orcs
  4 giant cockroaches
  3 gnoll zombies
  5 goblins
  10 hobgoblins
  4 jackals (D:2)
  3 quokkas
  A ball python skeleton (D:3)
  3 bats
  4 frilled lizards
  A goblin zombie (Ossuary)
  15 kobolds
  3 kobold zombies (Ossuary)
  An orc zombie (Ossuary)
  A quokka skeleton (D:5)
  7 rats
  2 rat zombies (Ossuary)
154 creatures vanquished.

Vanquished Creatures (collateral kills)
  An orc (D:3)
  A hobgoblin (D:3)
  A bat (D:3)
3 creatures vanquished.

Vanquished Creatures (others)
  4 dream sheep (D:7)
4 creatures vanquished.

Grand Total: 161 creatures vanquished

Notes
Turn   | Place    | Note
-------+----------+-------------------------------------------
     0 | D:1      | windgrace the Demonspawn Chaos Knight began the quest for
                  | the Orb.
     0 | D:1      | Reached XP level 1. HP: 18/18 MP: 1/1
    28 | D:1      | Reached skill level 1 in Dodging
   265 | D:1      | Gained mutation: Your flesh is cold resistant. (rC+)
                  | [demonic ancestry]
   265 | D:1      | Reached XP level 2. HP: 17/24 MP: 2/2
   296 | D:1      | XOM: silly message
   743 | D:1      | Reached XP level 3. HP: 18/29 MP: 3/3
  1000 | D:2      | XOM: noise
  1335 | D:2      | Reached skill level 1 in Axes
  1485 | D:2      | Reached skill level 4 in Fighting
  1498 | D:2      | Reached XP level 4. HP: 37/37 MP: 4/4
  1663 | D:2      | XOM: summons 3 hostile demons
  1911 | D:2      | Found an iron altar of Okawaru.
  1914 | D:2      | XOM: butterfly on damage
  1999 | D:2      | XOM: summons 1 hostile shadow creature
  2204 | D:3      | XOM: give mutation
  2204 | D:3      | Gained mutation: Your spells are a little easier to cast,
                  | but a little less powerful. [Xom's mischief]
  2278 | D:3      | XOM: noise
  2597 | D:4      | Gained mutation: You have a pair of small horns on your
                  | head. [demonic ancestry]
  2597 | D:4      | Reached XP level 5. HP: 43/43 MP: 5/5
  3119 | D:4      | Gained mutation: You are partially covered in large bone
                  | plates. (SH +4) [demonic ancestry]
  3119 | D:4      | Reached XP level 6. HP: 38/50 MP: 6/6
  3251 | D:4      | XOM: summons friendly shadow imp
  3259 | D:4      | Reached skill level 5 in Fighting
  3556 | D:4      | XOM: cleaving
  3874 | D:4      | Found a staircase to the Ecumenical Temple.
  3880 | D:4      | XOM: give mutations
  3880 | D:4      | Gained mutation: You have a beak for a mouth. [Xom's grace]
  3880 | D:4      | Lost mutation: Your spells are a little easier to cast, but
                  | a little less powerful. [Xom's grace]
  3880 | D:4      | Gained mutation: Your spells are a little harder to cast,
                  | but a little more powerful. [Xom's grace]
  4004 | D:5      | Entered Level 5 of the Dungeon
  4055 | D:5      | Gained mutation: You are mostly covered in large bone
                  | plates. (SH +6) [demonic ancestry]
  4055 | D:5      | Reached XP level 7. HP: 31/56 MP: 5/7
  4178 | D:5      | XOM: cloud trail
  4196 | D:5      | Found a sand-covered staircase.
  4201 | Ossuary  | XOM: stealth player
  4201 | Ossuary  | Entered an ossuary
  4214 | Ossuary  | XOM: cleaving
  4225 | Ossuary  | XOM: noise
  4331 | Ossuary  | XOM: 1-stop teleportation journey
  4482 | D:5      | XOM: god gift: 14 stones
  4579 | D:5      | Found a stormy altar of Qazlal.
  4619 | D:5      | Reached skill level 6 in Fighting
  4672 | D:5      | XOM: cloud trail
  4820 | D:6      | Noticed Grinder
  4826 | D:6      | XOM: cleaving
  4830 | D:6      | XOM: repel stairs
  4836 | D:6      | Killed Grinder
  4837 | D:6      | Reached skill level 5 in Long Blades
  4837 | D:6      | Gained mutation: You regenerate a little health from kills.
                  | [demonic ancestry]
  4837 | D:6      | Reached XP level 8. HP: 40/65 MP: 6/8
  4998 | D:6      | XOM: chaos cloud
  5219 | D:6      | Found Haclecua's Weapon Emporium.
  5421 | D:6      | Found a basalt altar of Yredelemnul.
  5705 | D:6      | Reached skill level 7 in Fighting
  5737 | D:6      | Found Baqaefu's Armour Shoppe.
  5908 | D:6      | XOM: draining
  5979 | D:6      | XOM: give mutations
  5979 | D:6      | Lost mutation: Your spells are a little harder to cast, but
                  | a little more powerful. [Xom's mischief]
  6056 | D:6      | XOM: 3-stop teleportation journey
  6143 | D:6      | XOM: silly message
  6212 | D:6      | Found Kuhiapn's Magic Scroll Boutique.
  6217 | D:6      | Bought a scroll of remove curse for 33 gold pieces
  6217 | D:6      | Bought a scroll of fear for 38 gold pieces
  6217 | D:6      | Bought a scroll of fog for 22 gold pieces
  6217 | D:6      | Bought a scroll of identify for 22 gold pieces
  6217 | D:6      | Bought a scroll of enchant weapon for 82 gold pieces
  6921 | D:7      | Found Nuymatta's Jewellery Shop.
  7146 | D:7      | XOM: enchant monster (bad)
  7153 | D:7      | Reached XP level 9. HP: 42/73 MP: 4/9
  7305 | D:7      | XOM: draining
  7309 | D:7      | Found an ornate altar of the Wu Jian Council.
  7538 | D:7      | Found a shimmering altar of Xom.
  7543 | D:7      | Reached skill level 5 in Dodging
  7746 | D:7      | XOM: silly message
  7768 | D:7      | Found a hazy altar of Hepliaklqana.
  7771 | D:7      | Found a snail-covered altar of Cheibriados.
  7779 | D:7      | Found a sparkling altar of Nemelex Xobeh.
  7849 | D:8      | Found a burning altar of Makhleb.
  7921 | D:8      | Noticed an unseen horror
  7938 | D:8      | Killed an unseen horror
  7939 | D:8      | Reached skill level 8 in Fighting
  7981 | D:8      | XOM: scenery: 2 doors open
  8029 | D:8      | XOM: 3-stop teleportation journey
  8393 | D:8      | XOM: scenery: 1 doors open, 1 doors close
  8552 | D:8      | XOM: smoke on damage
  8560 | D:8      | HP: 2/75 [ogre/+0 giant club (10)]
  8560 | D:8      | Slain by a scorpion

Illustrated notes

Levels and vault maps discovered:
D:1:      dpeg_arrival_short_road, layout_rooms
D:2:      layout_rooms, kennysheep_okawaru_gauntlet
D:3:      layout_rooms
D:4:      minmay_bubble_buster, layout_basic, minmay_temple_entry_statues
D:5:      layout_cave_pools, basic_altar, enter_ossuary_2, grunt_decor_cap
D:6:      layout_layer_cave, lemuel_zombie_altar_yredelemnul, serial_shops,
          kennysheep_little_box, shop, nicolae_shop_trees, minmay_misc_feat_x,
          grunt_ministairs_1, uniq_grinder
D:7:      layout_cave_pods, nzn_wu_jian_contemplation,
          grunt_temple_overflow_diamond, serial_shops, nicolae_shop_stone,
          kb_xom_exploding_sheep
D:8:      argonaut_augean_stables, layout_gridville,
          nicolae_overflow_hidden_temple, moated_statue, minivault_10,
          kennysheep_generic_room_12

Skill      XL: |  1  2  3  4  5  6  7  8  9 |
---------------+----------------------------+-----
Dodging        | 1 3 4 6 |  6.0
Armour         | 2 |  2.0
Long Blades    | 3 4 5 6 7 |  7.2
Axes           | 1 2 3 |  3.4
Fighting       | 4 5 6 7 8 |  8.6

Action                   |  1- 3 |  4- 6 |  7- 9 || total
-------------------------+-------+-------+-------++-------
Melee: Falchion          |    61 |       |       ||    61
       Hand axe          |    39 |    76 |    14 ||   129
       Headbutt          |       |    15 |    54 ||    69
       Long sword        |       |    40 |   239 ||   279
       Peck              |       |     2 |    52 ||    54
       Unarmed           |       |       |     3 ||     3
Throw: Dart              |       |    11 |       ||    11
Evoke: Wand              |       |       |     2 ||     2
  Use: Potion            |     1 |       |     2 ||     3
       Scroll            |       |       |     1 ||     1
 Stab: Sleeping          |       |     1 |     1 ||     2
       Invisible         |       |       |     1 ||     1
Armor: Leather armour    |    30 |       |       ||    30
       Robe              |     2 |    44 |    36 ||    82
Dodge: Dodged            |    53 |    86 |   131 ||   270
Block: Other             |       |     8 |    64 ||    72
       Rpst.: Falchion   |    12 |       |       ||    12
       Long sword        |       |     9 |    37 ||    46
